 Dungeon Crawl Stone Soup version 0.31-a0-940-gdaa99269f9 (webtiles) character file.

Game seed: 14895280592885919281

2 Azuregosa the Sneak (level 1, -4/16 HPs)
             Began as an Octopode Delver on Oct 20, 2023.
             Was an Initiate of Hepliaklqana.
             Slain by a gnoll
             ... wielding a +0 spear
              (5 damage)
             ... on level 5 of the Dungeon.
             The game lasted 00:03:15 (40 turns).

Azuregosa the Sneak (Octopode Delver)                 Turns: 40, Time: 00:03:15

Health: -4/16      AC:  1    Str: 11    XL:     1   Next: 30%
Magic:  1/1        EV: 13    Int: 12    God:    Hepliaklqana [......]
Gold:   0          SH:  0    Dex: 13    Spells: 0/0 levels left

rFire   . . .        c - +0 dagger (venom)
rCold   . . .        (no shield)
rNeg    . . .        (helmet restricted)
rPois   .            (no amulet)
rElec   .            (no ring)
rCorr   .            (no ring)
SInv    .            (no ring)
Will    .....        (no ring)
Stlth   ++++         (no ring)
HPRegen 0.22/turn    (no ring)
MPRegen 0.07/turn    (no ring)
                     (no ring)

%: no passive effects
@: no status effects
A: almost no armour, amphibious, 8 rings, camouflage 1, gelatinous body 1,
(nimble swimmer 1), tentacles
a: Renounce Religion


You were on level 5 of the Dungeon.
You worshipped Hepliaklqana.
Hepliaklqana was noncommittal.
You visited 1 branch of the dungeon, and saw 1 of its levels.

Inventory:

Hand Weapons
 a - a +0 short sword
 c - a +0 dagger of venom (weapon)
Wands
 f - a wand of digging (3)
Scrolls
 b - a scroll of fog
 d - a scroll of fear
Potions
 e - a potion of haste


   Skills:
 + Level 3.0 Fighting
 + Level 2.0 Short Blades
 + Level 2.0 Dodging
 + Level 6.6 Stealth


You couldn't memorise any spells.
You didn't know any spells.
Your spell library was empty.

Dungeon Overview and Level Annotations

Branches:
Dungeon (5/15)
 Temple: D:4-7

Altars:
Hepliaklqana
Okawaru


Innate Abilities, Weirdness & Mutations

You cannot wear most types of armour.
You are amphibious.
You can wear up to eight rings at the same time.
Your skin changes colour to match your surroundings (Stealth+).
Your rubbery body absorbs attacks. (AC +1, EV +1)
((You are camouflaged when in or above water. (Stealth+)))
You have tentacles for arms and can constrict up to eight enemies at once.


Message History

Welcome, Azuregosa the Octopode Delver.
A smirking vizier told you that the Orb of Zot is just within this dungeon.
Press ? for a list of commands and other information.
Found a stone staircase leading down.
As you read the scroll of revelation, it crumbles to dust.
You feel aware of your surroundings.
You sensed 2 altars, and 1 shop/portal.
Found a hazy altar of Hepliaklqana.
Found a fuming dark potion.
An orc comes into view. It is wielding a +0 club.
The helpless orc fails to defend itself.
You puncture the orc!
You kill the orc!
You enter the deep water.
Found a runed dagger.
Found an iron altar of Okawaru.
Found 8 stones.
You enter the deep water. 2 gnolls come into view.
The gnoll shouts! x2; You hear a shout!
A gnoll comes into view. It is wielding a +0 club.
The gnoll shouts!
A gnoll comes into view. It is wielding a +0 spear.
You see here a +0 dagger of venom.
c - a +0 dagger of venom Your +0 dagger of venom begins to drip with poison!
c - a +0 dagger of venom (weapon)
You enter the deep water.
There is a hazy altar of Hepliaklqana here.
You curl up in front of the altar of Hepliaklqana.
Hepliaklqana welcomes you! The gnoll closely misses you.
You enter the deep water.
The gnoll hits you from afar with a +0 spear!
Ouch! That really hurt!
The gnoll hits you from afar with a +0 spear.
* * * LOW HITPOINT WARNING * * *
The gnoll barely misses you. The gnoll closely misses you.
The gnoll hits you from afar with a +0 spear.
You die...

* **,#######g,,,,,,~,,,,****,,,,
****,,#....g.######,~***** *,,,,,
,,,,,,#.≈≈≈≈~....(#,~*******,,,,,
****,,#.≈..,,≈≈≈≈.#,~,,,,,**,,,,,
****,,#.≈.###...≈.#,~,***,,,,,,,,
*,,,,,#.≈.#_.##.≈.#.≈.# ****,,,,,
*,***,#.≈.#...#.≈.#.≈.## **,,,,
,,* *#.≈.#.≈..g≈.#.≈...#* **,,,,
,#####.≈.#.≈≈gg≈@#.≈...,* *,,,,,
*#####.≈.#...≈≈≈.#.≈.##,# *,,,,,
*#####.≈.####g...#.≈..#.# *,,,,,
*#####.≈.....#####.≈....# *,,,,,
,....#.≈≈≈≈≈≈......≈.#,,* *,,,,,
*#####.......≈≈≈≈≈≈≈.#,,* **,,,,
############.......)#*** **,,,
#######>.......###### ****
################


You could see 4 gnolls.

Vanquished Creatures
  An orc (D:5)
1 creature vanquished.

Notes
Turn   | Place    | Note
-------+----------+-------------------------------------------
     0 | D:5      | Azuregosa the Octopode Delver began the quest for the Orb.
     0 | D:5      | Reached XP level 1. HP: 16/16 MP: 1/1
     0 | D:5      | Found a hazy altar of Hepliaklqana.
    20 | D:5      | Found an iron altar of Okawaru.
    34 | D:5      | Became a worshipper of Hepliaklqana the Forgotten
    40 | D:5      | Slain by a gnoll

Illustrated notes

Levels and vault maps discovered:
D:5:      layout_rooms, nicolae_overflow_squiral, serial_shops,
          nicolae_shop_just_a_little_nook, uniq_pikel, uniq_sigmund,
          uniq_grinder

Action                     || total
---------------------------++-------
  Melee: Short sword       ||     1
    Use: Scroll            ||     1
   Stab: Sleeping          ||     1
 Armour: Skin              ||     3
  Dodge: Dodged            ||     3

Table legend: (Time is in decaauts)
 A = Elapsed time spent in this place.
 B = Non-inter-level travel time spent in this place.
 C = Inter-level travel time spent in this place.
 D = Time resting spent in this place.
 E = Time spent auto-exploring this place.
 F = Levels seen in this place.
 G = Mean time per level.
                   A        B        C        D        E       F      G
               +--------+--------+--------+--------+--------+-----+--------+
         Total |     39 |     39 |      0 |      0 |      0 |   1 |   39.0 |
       Dungeon |     39 |     39 |      0 |      0 |      0 |   1 |   39.0 |
               +--------+--------+--------+--------+--------+-----+--------+

Top non-repeatable levels by time:
     D:5: 39 daAuts
